cohdb
Replays
Latest Replays
All Replays
Popular Replays
Top Player Replays
Match Explorer
How It Works
Community
CoH3 Stats
Reddit
Sign in to upload your games and track your stats! →
Sign in with Steam
Match 43062518
Unlisted
Match 43062518
Overview
Messages
Build Orders
End
Pioneer Squad
Construct Infanterie Kompanie
Selects Breakthrough Battlegroup
Selects Assault Grenadiers
Grenadier Squad
Grenadier Squad
GrW 34 Mortar Team
MG 42 Machine Gun Team
Construct Luftwaffe Kompanie
Selects Rapid Production
221 Scout Car
Medical Bunker
Jäger Squad
Flak 30 Anti-aircraft Gun Team
Selects Breakthrough
Selects Incendiary Bombing Run
咚咚锵个腿
WeAJapaneseGoblin
0
0
Comments
sign in to comment!
No comments posted yet!